 Dungeon Crawl Stone Soup version 0.29.1-13-g9f3cf754e1 (webtiles) character file.

Game seed: 14411296156197947519

29130 tizbic2 the Thaumaturge (level 13, -8/105 HPs)
             Began as a Ghoul Monk on Jan 26, 2023.
             Was a High Priest of Vehumet.
             Killed from afar by a thorn hunter (12 damage)
             ... with a volley of thorns
             ... on level 3 of the Lair of Beasts on Jan 27, 2023.
             The game lasted 01:34:47 (17715 turns).

tizbic2 the Thaumaturge (Ghoul Monk)               Turns: 17715, Time: 01:34:48

Health: -8/105     AC: 24    Str: 25    XL:     13   Next: 43%
Magic:  23/26      EV: 24    Int: 13    God:    Vehumet [*****.]
Gold:   385        SH:  5    Dex: 18    Spells: 19/33 levels left

rFire   + . .      SeeInvis .   M - +5 mace of Zuhug {speed, Fly rN+++ Int+4 Dex-3}
rCold   + . .      Faith    .   B - +0 buckler
rNeg    + + +      Spirit   .   a - +6 chain mail "Benochasyiv" {rF+ Str+5 Dex+6}
rPois   ∞          Reflect  .   (no helmet)
rElec   .          Harm     .   (no cloak)
rCorr   +          Rampage  .   G - +2 pair of gloves
Will    .....                   b - +2 pair of boots
Stlth   +.........              g - amulet of the acrobat
HPRegen 0.00/turn               K - ring of Ezasuonu {rCorr Str+4 Dex+4}
MPRegen 0.20/turn               (no ring)

@: acrobatic, flying, inhibited regen
A: claws 1, cold resistance 1, negative energy resistance 3, inhibited
regeneration, torment resistance 2, devour on kill
a: Renounce Religion


You were on level 3 of the Lair of Beasts.
You worshipped Vehumet.
Vehumet was extremely pleased with you.
You visited 3 branches of the dungeon, and saw 17 of its levels.
You also visited: Sewer and Ossuary.

You collected 910 gold pieces.
You spent 525 gold pieces at shops.

Inventory:

Hand Weapons
 e - the +0 falchion "Vaga Tee" {venom, rF+ Int+2 SInv Stlth+}
   (You found it on level 1 of the Lair of Beasts)

   It poisons the flesh of those it strikes.
   Int:       It affects your intelligence (+2).
   rF:        It protects you from fire.
   SInv:      It lets you see invisible.
   Stlth:     It makes you more stealthy.
 p - a +2 short sword of speed
 q - the +8 dagger "Bias" {drain, rC- Str+9 Int+4}
   (You found it on level 3 of the Dungeon)

   A truly terrible weapon, it drains the life of any living foe it strikes.
   Str:       It affects your strength (+9).
   Int:       It affects your intelligence (+4).
   rC:        It makes you vulnerable to cold.
 w - a +0 war axe of pain
 M - the +5 mace of Zuhug (weapon) {speed, Fly rN+++ Int+4 Dex-3}
   (You found it on level 3 of the Lair of Beasts)

   Attacks with this weapon are significantly faster.
   Int:       It affects your intelligence (+4).
   Dex:       It affects your dexterity (-3).
   rN:        It renders you almost immune to negative energy.
   Fly:       It grants you flight.
Missiles
 c - 6 atropa-tipped darts
 k - 49 poisoned darts (quivered)
 x - 2 javelins
 D - a curare-tipped dart
Armour
 a - the +6 chain mail "Benochasyiv" (worn) {rF+ Str+5 Dex+6}
   (You found it on level 2 of the Dungeon)

   Str:       It affects your strength (+5).
   Dex:       It affects your dexterity (+6).
   rF:        It protects you from fire.
 b - a +2 pair of boots (worn)
 s - a +2 robe
 B - a +0 buckler (worn)
 E - a +0 kite shield
 G - a +2 pair of gloves (worn)
Magical Staves
 i - a staff of cold
Jewellery
 g - an amulet of the acrobat (around neck)
 K - the ring of Ezasuonu (left hand) {rCorr Str+4 Dex+4}
   (You bought it in a shop on level 8 of the Dungeon)

   [ring of resist corrosion]

   Str:       It affects your strength (+4).
   Dex:       It affects your dexterity (+4).
   rCorr:     It protects you from acid and corrosion.
Wands
 r - a wand of paralysis (2)
 t - a wand of flame (18)
 u - a wand of mindburst (10)
 I - a wand of iceblast (17)
Scrolls
 d - a scroll of magic mapping
 l - 2 scrolls of poison
 v - 10 scrolls of teleportation
 y - 2 scrolls of immolation
 z - a scroll of fear
 A - a scroll of fog
 H - 4 scrolls of enchant weapon
 J - a scroll of acquirement {unknown}
Potions
 f - 4 potions of flight
 h - 3 potions of might
 j - 4 potions of brilliance
 m - 4 potions of attraction
 o - a potion of invisibility
 C - 2 potions of haste
 F - 2 potions of resistance
 L - 6 potions of curing


   Skills:
 - Level 7.3 Fighting
 * Level 5.4 Short Blades
 - Level 2.6(3.3) Maces & Flails
 - Level 2.8(3.4) Staves
 - Level 9.0 Armour
 - Level 2.6 Dodging
 - Level 7.1 Stealth
 - Level 3.5 Shields
 + Level 10.6 Spellcasting
 - Level 5.6 Conjurations
 - Level 2.3 Necromancy
 + Level 7.0 Transmutations
 - Level 2.8 Ice Magic
 - Level 1.8 Evocations


You had 19 spell levels left.
You knew the following spells:

 Your Spells              Type           Power      Damage    Failure   Level
a - Magic Dart            Conj           84%        1d7       2%          1
b - Poisonous Vapours     Pois/Air       12%        N/A       28%         2
c - Frozen Ramparts       Ice            28%        1d5       17%         3
d - Irradiate             Conj/Tmut      11%        3d15      36%         5
e - Ignite Poison         Fire/Tmut/Pois 12%        N/A       22%         3

Your spell library contained the following spells:

 Spells                   Type           Power      Damage    Failure   Level
 Spellforged Servitor     Conj/Summ      7%         N/A       100%        7
 Mephitic Cloud           Conj/Pois/Air  11%        N/A       26%         3
 Necrotise                Necr           48%        1d6       28%         1
 Apportation              Tloc           12%        N/A       58%         1
 Summon Small Mammal      Summ           24%        N/A       58%         1
 Vampiric Draining        Necr           12%        2d6       65%         3
 Freezing Cloud           Conj/Ice/Air   7%         6-21      82%         5
 Petrify                  Tmut/Erth      16%        N/A       86%         4
 Dispel Undead            Necr           12%        3d9       96%         4
 Corpse Rot               Necr/Pois/Air  8%         N/A       99%         4
 Agony                    Necr           12%        N/A       100%        5
 Metabolic Englaciation   Hex/Ice        5%         N/A       100%        5
 Death Channel            Necr           6%         N/A       100%        6
 Statue Form              Tmut/Erth      Unusable   N/A       N/A         6

Dungeon Overview and Level Annotations

Branches:
Dungeon (12/15)            Temple (0/1) D:5            Lair (4/5) D:10
  Swamp (1/4) Lair:3        Snake (0/4) Lair:3        Sewer (visited)
Ossuary (visited)
  Slime: Lair:4-5       Orc: D:9-12

Altars:
Ashenzari
Dithmenos
Kikubaaqudgha
Nemelex Xobeh
Okawaru
Ru
Sif Muna
Uskayaw
Vehumet
Wu Jian
Xom
Yredelemnul

Shops:
D:8 =   D:10 !   D:11 =   D:12 *

Annotations:
D:9 3 runed translucent doors, AverageBear's ghost, journeyman FoFi
D:12 Kirke


Innate Abilities, Weirdness & Mutations

You are immune to poison.
You have sharp fingernails.
Your flesh is cold resistant. (rC+)
You are immune to negative energy. (rN+++)
You do not regenerate when monsters are visible.
You are immune to unholy pain and torment.
You thrive by killing the living.


Message History

Confirm with . or Enter, or press ? or * to list all spells.
Aiming: Magic Dart (safe; 2% risk of failure)
Press: ? - help, Shift-Dir - straight line, f/p - thorn hunter
Aim: a thorn hunter (lightly damaged, 100% to hit)
The magic dart hits the thorn hunter but does no damage.
The thorn hunter is lightly damaged.
You sock the thorn hunter!
The thorn hunter is lightly damaged.
The thorn hunter hits you!
The thorn hunter hits you but does no damage.
You hit the thorn hunter.
The thorn hunter is lightly damaged.
The thorn hunter gestures.
You hit the thorn hunter but do no damage.
The thorn hunter is lightly damaged.
The thorn hunter fires a volley of thorns at you.
The volley of thorns hits you!!!
* * * LOW HITPOINT WARNING * * *
You closely miss the thorn hunter.
The thorn hunter is lightly damaged.
The thorn hunter hits you!
* * * LOW HITPOINT WARNING * * *
The thorn hunter hits you.
* * * LOW HITPOINT WARNING * * *
There is a staircase back to the Lair here.
The thorn hunter fires a volley of thorns at you.
The volley of thorns hits you!
* * * LOW HITPOINT WARNING * * *
You fly upwards.
Welcome back to the Lair of Beasts!
There is a staircase to the Swamp here.
You can't see any enemies this would affect, really read the scroll of fear?
Okay, then.
Blink to where?
Press: ? - help, Dir - move target
As you read the scroll of blinking, it crumbles to dust.
The thorn hunter fires a volley of thorns at you.
The volley of thorns misses you.
The thorn hunter fires a volley of thorns at you.
The volley of thorns hits you!
You die...

##### ##.#.## #...f.# #@#♣♣.♣♣
### ##.♣♣♣~≈♣
###.#####..♣≈~§~♣♣ ####
#.......##.♣≈~§§≈♣ ...#
##..#.#....♣♣≈§§§§♣
#..###..#####..##♣♣~§§♣♣##
#.###...###...###♣♣♣♣♣♣..#
...###..##[.##÷.#..# #..##
#.###.#.###.#.#.#..####...#####
#


You could see a thorn hunter.

Vanquished Creatures
  A boulder beetle (Lair:1)
  6 death yaks (Lair:3)
  Nergalle (D:10)
  Lodul (D:10)
  Pikel (D:7)
  4 black mambas
  5 elephants (Lair:2)
  4 gargoyles
  Maggie (D:6)
  A torpor snail (Lair:2)
  9 cane toads
  A kobold demonologist (D:10)
  An unseen horror (D:10)
  5 komodo dragons
  4 rime drakes
  3 tyrant leeches (Lair:3)
  4 trolls
  5 blink frogs
  2 dream sheep (Lair:2)
  Sigmund (D:5)
  2 shadows
  A vampire (D:12)
  4 wyverns
  A basilisk (D:12)
  7 yaks
  A hog (D:11)
  2 humans (D:8)
  2 vampire mosquitoes (D:11)
  A steam dragon (D:7)
  2 wargs (D:10)
  A swamp worm (Lair:3)
  22 water moccasins
  Duvessa (D:6)
  2 sky beasts (D:7)
  3 orc warriors
  A black bear (Lair:1)
  12 ogres
  A centaur (D:6)
  5 wolves (Lair:3)
  A lemure (D:7)
  9 bullfrogs
  7 kobold brigands
  2 necrophages
  A gnoll sergeant (D:9)
  3 scorpions
  Dowan (D:6)
  A wight (D:6)
  12 killer bees
  2 howler monkeys
  An electric eel (Lair:2)
  A centaur zombie (Ossuary)
  4 orc priests
  A jelly (D:8)
  2 hounds (D:5)
  4 iguanas
  Jessica (D:3)
  Ijyb (D:3)
  Natasha (thrice) (D:4)
  3 orc wizards
  4 mummies (Ossuary)
  3 gnolls (D:9)
  7 adders
  2 shadow imps (D:6)
  A white imp (D:6)
  An ufetubus (D:7)
  A worm (D:5)
  7 dart slugs
  15 orcs
  9 ball pythons
  7 endoplasms
  4 giant cockroaches
  A gnoll zombie (Ossuary)
  7 goblins
  7 hobgoblins
  4 jackals (D:1)
  2 quokkas
  6 bats
  4 frilled lizards
  2 goblin zombies (Ossuary)
  3 hobgoblin zombies (Ossuary)
  20 kobolds
  An orc zombie (Ossuary)
  7 rats
316 creatures vanquished.

Vanquished Creatures (others)
  A scorpion (D:6)
  A hound (D:6)
  An iguana (D:6)
  2 orc wizards
  An adder (D:6)
  32 fungi
  53 plants
91 creatures vanquished.

Grand Total: 407 creatures vanquished

Notes
Turn   | Place    | Note
-------+----------+-------------------------------------------
     0 | D:1      | tizbic2 the Ghoul Monk began the quest for the Orb.
     0 | D:1      | Reached XP level 1. HP: 19/19 MP: 0/0
   279 | D:1      | Reached skill level 1 in Staves
   282 | D:1      | Reached XP level 2. HP: 20/26 MP: 1/1
   502 | D:1      | Reached skill level 1 in Ice Magic
   790 | D:1      | Reached XP level 3. HP: 26/31 MP: 2/2
  1102 | D:1      | Reached skill level 1 in Evocations
  1410 | D:2      | Reached XP level 4. HP: 38/38 MP: 3/3
  1519 | D:2      | Identified the +6 chain mail "Benochasyiv" {rF+ Str+5
                  | Dex+6}
  1553 | D:2      | Found a radiant altar of Vehumet.
  1585 | D:2      | Became a worshipper of Vehumet
  1585 | D:2      | Reached * piety under Vehumet
  1585 | D:2      | Offered knowledge of Magic Dart by Vehumet.
  1585 | D:2      | Reached ** piety under Vehumet
  1588 | D:2      | Learned a level 1 spell: Magic Dart
  1642 | D:2      | Offered knowledge of Poisonous Vapours by Vehumet.
  1647 | D:2      | Learned a level 2 spell: Poisonous Vapours
  2026 | D:3      | Identified the +8 dagger "Bias" {drain, rC- Str+9 Int+4}
  2047 | D:3      | Noticed Ijyb
  2050 | D:3      | Paralysed by Ijyb for 5 turns
  2062 | D:3      | Paralysed by Ijyb for 4 turns
  2068 | D:3      | Killed Ijyb
  2069 | D:3      | Reached skill level 1 in Spellcasting
  2069 | D:3      | Reached XP level 5. HP: 45/45 MP: 3/5
  2081 | D:3      | Noticed Jessica
  2085 | D:3      | Killed Jessica
  2643 | D:4      | Reached skill level 2 in Spellcasting
  2643 | D:4      | Reached XP level 6. HP: 51/51 MP: 6/8
  2693 | D:4      | Noticed Natasha
  2699 | D:4      | Killed Natasha
  2713 | D:4      | Noticed a wyvern
  2724 | D:4      | Noticed Natasha
  3060 | D:4      | Reached skill level 1 in Armour
  3069 | D:4      | Found a basalt altar of Yredelemnul.
  3142 | D:4      | Killed a wyvern
  3143 | D:4      | Reached skill level 3 in Spellcasting
  3143 | D:4      | Reached XP level 7. HP: 41/57 MP: 9/11
  3369 | D:4      | Found a broken altar of Ashenzari.
  3507 | D:4      | Found a sacrificial altar of Ru.
  3589 | D:4      | Offered knowledge of Dazzling Flash by Vehumet.
  3609 | D:4      | Killed Natasha
  3616 | D:4      | Noticed Natasha
  3626 | D:4      | Killed Natasha
  3637 | D:5      | Entered Level 5 of the Dungeon
  3715 | D:5      | Reached skill level 4 in Spellcasting
  3749 | D:5      | Reached *** piety under Vehumet
  3950 | D:5      | Found a sparkling altar of Nemelex Xobeh.
  4057 | D:5      | Found a glowing drain.
  4075 | Sewer    | Entered a sewer
  4115 | Sewer    | Reached XP level 8. HP: 63/63 MP: 12/14
  4205 | D:5      | Reached skill level 5 in Spellcasting
  4297 | D:5      | Found a staircase to the Ecumenical Temple.
  4382 | D:5      | Offered knowledge of Frozen Ramparts by Vehumet.
  4390 | D:5      | Learned a level 3 spell: Frozen Ramparts
  4406 | D:5      | Noticed Sigmund
  4423 | D:5      | Killed Sigmund
  4678 | D:6      | Noticed a troll
  4689 | D:6      | Killed a troll
  4713 | D:6      | Noticed Maggie
  4741 | D:6      | Killed Maggie
  4742 | D:6      | Reached skill level 6 in Spellcasting
  4747 | D:6      | Found a shimmering altar of Xom.
  4804 | D:6      | Reached XP level 9. HP: 70/70 MP: 16/18
  4820 | D:6      | Found a sand-covered staircase.
  4836 | Ossuary  | Entered an ossuary
  4864 | Ossuary  | Reached skill level 5 in Armour
  4864 | Ossuary  | Reached skill level 7 in Spellcasting
  5075 | D:6      | Noticed Dowan
  5075 | D:6      | Noticed Duvessa
  5142 | D:6      | Killed Dowan
  5808 | D:6      | Killed Duvessa
  5809 | D:6      | Reached skill level 8 in Spellcasting
  5966 | D:7      | Reached **** piety under Vehumet
  6011 | D:7      | Noticed Pikel
  6047 | D:7      | Killed Pikel
  6257 | D:7      | Reached XP level 10. HP: 58/77 MP: 19/21
  6264 | D:7      | Offered knowledge of Irradiate by Vehumet.
  6265 | D:7      | Reached skill level 9 in Spellcasting
  6272 | D:7      | Learned a level 5 spell: Irradiate
  6642 | D:7      | Reached skill level 1 in Transmutations
  6659 | D:7      | Found a shimmering blue altar of Sif Muna.
  6670 | D:7      | Reached skill level 1 in Conjurations
  6875 | D:8      | Found an iron altar of Okawaru.
  7606 | D:8      | Found Qanaat's Jewellery Emporium.
  8237 | D:9      | Found a shadowy altar of Dithmenos.
  8447 | D:9      | Found an ancient bone altar of Kikubaaqudgha.
  8560 | D:9      | Found a hide-covered altar of Uskayaw.
  8666 | D:9      | Found a runed translucent gate.
  8667 | D:9      | Found a runed translucent gate.
  8667 | D:9      | Found a runed translucent gate.
  8667 | D:9      | Noticed AverageBear's ghost (journeyman FoFi)
  8781 | D:10     | Entered Level 10 of the Dungeon
  8799 | D:10     | Noticed Nergalle
  8822 | D:10     | HP: 2/80 [spectral orc knight/+0 great mace[Nergalle] (16)]
  8823 | D:10     | Killed Nergalle
  8824 | D:10     | Reached skill level 5 in Fighting
  8824 | D:10     | Reached XP level 11. HP: 3/86 MP: 19/23
  9195 | D:10     | Found a staircase to the Lair.
  9708 | D:8      | Bought the ring of Ezasuonu {rCorr Str+4 Dex+4} for 525
                  | gold pieces
 10195 | D:10     | Found an ornate altar of the Wu Jian Council.
 10559 | D:10     | Found Omeesol's Distillery.
 10753 | D:10     | Noticed Lodul
 10776 | D:10     | Killed Lodul
 10777 | D:10     | Reached skill level 5 in Stealth
 11229 | D:11     | Found a broken altar of Ashenzari.
 11722 | D:11     | Found Measis's Jewellery Emporium.
 12492 | D:12     | Found Wusoejept's Demolitions Depot.
 12495 | D:12     | Noticed Kirke
 12746 | Lair:1   | Entered Level 1 of the Lair of Beasts
 12751 | Lair:1   | Noticed a boulder beetle
 12807 | Lair:1   | Killed a boulder beetle
 12808 | Lair:1   | Reached skill level 5 in Conjurations
 12996 | Lair:1   | Identified the +0 falchion "Vaga Tee" {venom, rF+ Int+2
                  | SInv Stlth+}
 13336 | Lair:1   | Reached XP level 12. HP: 97/97 MP: 22/24
 13659 | Lair:1   | Learned a level 3 spell: Ignite Poison
 13908 | Lair:2   | Reached skill level 1 in Shields
 13927 | Lair:2   | Reached ***** piety under Vehumet
 13927 | Lair:2   | Offered knowledge of Spellforged Servitor by Vehumet.
 14075 | Lair:2   | Noticed a seven-headed hydra
 14498 | Lair:2   | Reached skill level 1 in Necromancy
 14503 | Lair:2   | Reached skill level 5 in Transmutations
 15389 | Lair:3   | Reached skill level 10 in Spellcasting
 15522 | Lair:3   | Reached skill level 1 in Short Blades
 15731 | Lair:3   | Noticed a death yak
 15733 | Lair:3   | Noticed a death yak
 15733 | Lair:3   | Noticed a death yak
 15791 | Lair:3   | Killed a death yak
 15798 | Lair:3   | Killed a death yak
 15799 | Lair:3   | Reached XP level 13. HP: 65/105 MP: 10/26
 16267 | Lair:3   | Found a staircase to the Snake Pit.
 16561 | Lair:3   | Identified the +5 mace of Zuhug {speed, Fly rN+++ Int+4
                  | Dex-3}
 16721 | Lair:3   | Found a staircase to the Swamp.
 16726 | Lair:3   | Reached skill level 5 in Short Blades
 17697 | Swamp:1  | Entered Level 1 of the Swamp
 17698 | Swamp:1  | Noticed a thorn hunter
 17710 | Swamp:1  | HP: 4/105 [thorn hunter/volley of thorns (7)]
 17715 | Lair:3   | Killed from afar by a thorn hunter

Illustrated notes

Levels and vault maps discovered:
D:1:      heliophobic_arrival_glass_houses, layout_basic, minmay_tetromino_s2
D:2:      layout_loops_cross, basic_altar, kennysheep_donut
D:3:      layout_basic, nicolae_overflow_crystal_walls, uniq_jessica, uniq_ijyb
D:4:      layout_basic, mainiacjoe_overflow_paths, mainiacjoe_overflow_alcove_2,
          lemuel_tele_altar, st_stairs_4, uniq_natasha
D:5:      layout_loops_ring, nemelex_dance_club_becter,
          minmay_temple_entry_arrows, portal_sewer_entry_e, uniq_sigmund
D:6:      layout_basic, xom_confusion_cloud, enter_ossuary_3,
          hangedman_decor_opposing, uniq_maggie, uniq_duvessa
D:7:      layout_loops_ring, nicolae_sif_muna_condensation, uniq_pikel
D:8:      layout_layer_cave, okawaru_humans, serial_shops, kennysheep_mini_moat
D:9:      layout_rooms, mainiacjoe_overflow_boulevard,
          mainiacjoe_overflow_alcove_4, nicolae_dithmenos_shadow_blocks,
          ebering_ghost_rock_garden
D:10:     layout_basic, kennysheep_mini, elyvilon_altar_4,
          erik_lair_orcish_takeover, serial_shops, nicolae_lakefront_shop,
          corexii_hall_statues_i, uniq_nergalle, uniq_lodul
D:11:     layout_cave_pools, nicolae_take_the_stairs, nicolae_ashenzari_skybound
D:12:     layout_basic, orc_0_dummy, gauntlet_entry_generic,
          nicolae_blasting_shop, kennysheep_big_empty_room, uniq_kirke
Lair:1:   layout_chaotic_city
Lair:2:   layout_loops_ring, chequers_serial_rivers_large_a, minmay_holes,
          infiniplex_staircase_pool
Lair:3:   layout_loops_ring, minmay_swamp_entry_worms,
          minmay_snake_entry_six_corridors
Lair:4:   layout_layer_cave, slime_entry_1
Swamp:1:  layout_basic_swamp, evilmike_swamp_ruin_house_4

Skill      XL: |  1  2  3  4  5  6  7  8  9 10 11 12 13 |
---------------+----------------------------------------+-----
Staves         | 1 2 |  2.8
Ice Magic      | 1 2 |  2.8
Evocations     | 1 |  1.8
Spellcasting   | 1 2 3 4 6 8 9 10 | 10.6
Armour         | 2 3 4 6 8 9 |  9.0
Transmutations | 2 4 6 7 |  7.0
Conjurations   | 3 5 |  5.6
Fighting       | 5 6 7 |  7.3
Stealth        | 3 6 7 |  7.1
Shields        | 3 |  3.5
Necromancy     | 2 |  2.3
Short Blades   | 2 5 |  5.4
Maces & Flails | |  2.6
Dodging        | |  2.6

Action                   |  1- 3 |  4- 6 |  7- 9 | 10-12 | 13-15 || total
-------------------------+-------+-------+-------+-------+-------++-------
Melee: Staff             |   184 |    68 |       |    29 |       ||   281
       Mace              |     4 |       |       |       |    44 ||    48
       Punch             |     1 |     2 |     6 |     5 |       ||    14
       Dagger            |       |    67 |   290 |   658 |   149 ||  1164
       War axe           |       |       |       |    25 |       ||    25
       Falchion          |       |       |       |     8 |     9 ||    17
Throw: Dart              |       |     1 |       |     1 |       ||     2
 Cast: Magic Dart        |       |       |    24 |    59 |    14 ||    97
       Frozen Ramparts   |       |       |    16 |   105 |    19 ||   140
       Poisonous Vapours |       |       |     9 |    35 |     7 ||    51
       Ignite Poison     |       |       |       |    13 |     7 ||    20
       Irradiate         |       |       |       |     5 |       ||     5
  Use: Scroll            |     5 |     6 |     5 |    10 |     2 ||    28
       Potion            |     1 |     1 |     3 |    16 |     1 ||    22
 Stab: Sleeping          |     1 |       |       |       |       ||     1
       Invisible         |       |       |       |     4 |       ||     4
       Distracted        |       |       |       |       |     1 ||     1
Armor: Robe              |    33 |       |       |       |       ||    33
       Scale mail        |    20 |       |       |       |       ||    20
       Chain mail        |    16 |    90 |   173 |   545 |    82 ||   906
Dodge: Dodged            |   110 |    47 |   149 |   401 |    61 ||   768
Block: Buckler           |       |       |       |   154 |    28 ||   182
